 Dungeon Crawl Stone Soup version 0.18-a0-1266-g3be6530 (webtiles) character file.

464 Banto the Firebug (level 6, -2/28 HPs)
             Began as a Deep Elf Fire Elementalist on Feb 6, 2016.
             Slain by a gnoll
             ... wielding a +2 vampiric spear
              (5 damage)
             ... on level 5 of the Dungeon.
             The game lasted 00:06:06 (3388 turns).

Banto the Firebug (Deep Elf Fire Elementalist)      Turns: 3388, Time: 00:06:06

Health: -2/28      AC:  3    Str:  5    XL:     6   Next: 80%
Magic:  3/12       EV: 13    Int: 22    God:
Gold:   117        SH:  0    Dex: 15    Spells: 4 memorised, 1 level left

rFire  . . .     SeeInvis .     s - +1 dagger (elec)
rCold  . . .     Gourm    .     a - +0 robe
rNeg   . . .     Faith    +     (no shield)
rPois  +         Spirit   .     (no helmet)
rElec  .         Dismiss  .     u - +0 cloak
rCorr  .         Reflect  .     (no gloves)
SustAt .         Harm     .     (no boots)
MR     .....                    j - amulet of faith
Stlth  ++........               (no ring)
                                l - ring of wizardry

@: not resistant to hostile enchantments, unstealthy
A: blurry vision 1, frail 1, poison resistance
a: no special abilities


You were on level 5 of the Dungeon.
You were near starving.

You visited 1 branch of the dungeon, and saw 5 of its levels.

You collected 117 gold pieces.

Inventory:

Hand Weapons
 r - a +2 mace of holy wrath
 s - a +1 dagger of electrocution (weapon)
Armour
 a - a +0 robe (worn)
 u - a +0 cloak (worn)
Jewellery
 j - an amulet of faith (around neck)
 l - a ring of wizardry (left hand)
 x - a +6 ring of dexterity {unknown}
Wands
 y - a wand of disintegration (8/24)
Scrolls
 d - 3 scrolls of fear
 p - a scroll of amnesia {unknown}
 v - a scroll of fog
 A - a scroll of magic mapping {unknown}
Potions
 e - 2 potions of might
 i - 2 potions of invisibility {unknown}
 k - a potion of brilliance
 m - 3 potions of resistance {unknown}
 o - a potion of berserk rage {unknown}
 q - 2 potions of curing {unknown}
 t - a potion of lignification {unknown}
 w - a potion of haste {unknown}
 z - a potion of degeneration {unknown}
 B - a potion of cancellation {unknown}
Books
 b - a book of Flames

   Spells                             Type                      Level
   a - Flame Tongue                   Conjuration/Fire             1
   b - Throw Flame                    Conjuration/Fire             2
   c - Conjure Flame                  Conjuration/Fire             3
   d - Inner Flame                    Hexes/Fire                   3
   e - Sticky Flame                   Conjuration/Fire             4
   f - Fireball                       Conjuration/Fire             5
Comestibles
 c - 4 bread rations
 f - 2 beef jerkies
 g - 2 meat rations
 h - 5 fruits
 n - 2 slices of pizza


   Skills:
 - Level 2.4 Dodging
 - Level 2.4 Stealth
 - Level 3.0 Spellcasting
 + Level 5.6 Conjurations
 + Level 6.3 Fire Magic


You had one spell level left.
You knew the following spells:

 Your Spells              Type           Power        Failure   Level  Hunger
a - Flame Tongue          Conj/Fire      ####.        1%          1    None
b - Throw Flame           Conj/Fire      ####..       1%          2    ##.....
c - Conjure Flame         Conj/Fire      ####....     1%          3    ###....
d - Sticky Flame          Conj/Fire      ####....     4%          4    ####...


Dungeon Overview and Level Annotations

Branches:
Dungeon (5/15)
 Temple: D:4-7

Altars:
Cheibriados
Dithmenos
Elyvilon
Kikubaaqudgha
Pakellas


Innate Abilities, Weirdness & Mutations

Scrolls take you a little longer to read.
You are frail (-10% HP).
Your system is resistant to poisons.


Message History

Casting: Sticky Flame
Confirm with . or Enter, or press ? or * to list all spells.
Aiming: Flame Tongue
Press: ? - help, Shift-Dir - straight line, f/p - gnoll
Aim: a gnoll, wielding a vampiric spear (moderately wounded)
The flame tongue hits the gnoll.
The gnoll is moderately wounded.
The gnoll hits you with a vampiric spear!
* * * LOW HITPOINT WARNING * * *
The gnoll draws strength from your injuries!
Casting: Flame Tongue
Confirm with . or Enter, or press ? or * to list all spells.
Aiming: Sticky Flame
Press: ? - help, Shift-Dir - straight line, f/p - gnoll
Aim: a gnoll, wielding a vampiric spear (moderately wounded)
The sticky flame hits the gnoll.
The gnoll is severely wounded.
The gnoll is covered in liquid flames!
The gnoll burns!
The gnoll hits you with a vampiric spear.
You die...

.)....#
......#
#.....#
#.....# ######
#.....#
#....#.#.....#
#.##.#....#
#.##g####.#
#g##@# #.#
#.#### #.#
#.#######.#
#...g.....#
###########


You could see a gnoll (burning).

Vanquished Creatures
  An ice beast (D:5)
  Crazy Yiuf (D:2)
  2 orc priests
  Jessica (D:2)
  A worker ant (D:4)
  2 orc wizards
  Terence (D:2)
  5 adders
  2 gnolls (D:5)
  An ooze (D:2)
  An adder skeleton (D:4)
  3 worms
  6 giant geckos
  5 orcs
  A ball python (D:1)
  10 bats
  6 giant cockroaches
  7 hobgoblins
  4 jackals (D:4)
  3 kobolds
  3 giant newts
  5 goblins
  A jackal skeleton (D:4)
  5 rats
77 creatures vanquished.

Notes
Turn   | Place    | Note
--------------------------------------------------------------
     0 | D:1      | Banto the Deep Elf Fire Elementalist began the quest for the Orb.
     0 | D:1      | Reached XP level 1. HP: 10/10 MP: 6/6
   137 | D:1      | Reached XP level 2. HP: 10/15 MP: 2/8
   342 | D:1      | Learned a level 2 spell: Throw Flame
   559 | D:1      | Reached skill level 4 in Fire Magic
   713 | D:2      | Reached XP level 3. HP: 10/19 MP: 3/9
   976 | D:2      | Learned a level 3 spell: Conjure Flame
  1106 | D:2      | Reached XP level 4. HP: 24/24 MP: 1/10
  1330 | D:2      | Found a white marble altar of Elyvilon.
  1365 | D:2      | Noticed Crazy Yiuf
  1370 | D:2      | Killed Crazy Yiuf
  1497 | D:2      | Noticed Terence
  1497 | D:2      | Noticed Jessica
  1509 | D:2      | Killed Terence
  1509 | D:2      | Reached skill level 5 in Fire Magic
  1584 | D:2      | Killed Jessica
  1584 | D:2      | Reached XP level 5. HP: 28/28 MP: 6/11
  1949 | D:3      | Learned a level 4 spell: Sticky Flame
  1994 | D:3      | Found an ancient bone altar of Kikubaaqudgha.
  2119 | D:3      | Gained mutation: Your system is resistant to poisons. [potion of mutation]
  2119 | D:3      | Gained mutation: You are frail (-10% HP). [potion of mutation]
  2119 | D:3      | Gained mutation: Scrolls take you a little longer to read. [potion of mutation]
  2330 | D:3      | Found a shadowy altar of Dithmenos.
  2385 | D:3      | Found a snail-covered altar of Cheibriados.
  2465 | D:4      | Found an oddly glowing altar of Pakellas.
  2527 | D:4      | Reached XP level 6. HP: 19/28 MP: 10/12
  2741 | D:4      | Reached skill level 5 in Conjurations
  3083 | D:5      | Entered Level 5 of the Dungeon
  3104 | D:5      | Noticed an ice beast
  3109 | D:5      | Killed an ice beast
  3109 | D:5      | Reached skill level 6 in Fire Magic
  3388 | D:5      | Slain by a gnoll

Vault maps used:
D:1:      minmay_arrival_stone_box
D:2:      lemuel_crystal_altar, uniq_crazy_yiuf_cottage, uniq_terence,
          uniq_jessica
D:3:      lemuel_coloured_pillars_altar, kiku_gazebo_pond_becter,
          cheibriados_altar_1
D:4:      overflow_temple_1_default
D:5:      first_bread

Action                   |  1- 3 |  4- 6 || total
-------------------------+-------+-------++-------
Melee: Unarmed           |     2 |       ||     2
       Dagger            |       |    50 ||    50
 Cast: Flame Tongue      |    55 |    66 ||   121
       Throw Flame       |     5 |    19 ||    24
       Conjure Flame     |       |     3 ||     3
       Sticky Flame      |       |     3 ||     3
  Use: Scroll            |       |     9 ||     9
       Potion            |       |     1 ||     1
  Eat: Chunk             |       |     7 ||     7
